TOP OF THE 1ST |
Menlo Maniacs batting - Pitching for Riverside Red Bulls : RHP Roberto Moreno
|
Pitching: RHP Roberto Moreno
|
|
Batting: RHB Daryl Floyd
|
0-0: Ball 1-0: Called Strike 1-1: Swinging Strike 1-2: Ball 2-2: Ball 3-2: Foul Ball, location: 2F 3-2: Base on Balls
|
Batting: RHB Steve Sampson
|
0-0: Ball 1-0: Called Strike 1-1: Ball 2-1: Swinging Strike 2-2: Foul Ball, location: 2F 2-2: Foul Ball, location: 2F 2-2: Foul Ball, location: 2F 2-2: Fly out, F8 (Flyball, 8LD)
|
Batting: LHB Arthur Hall
|
0-0: Ball 1-0: Called Strike 1-1: Ball 2-1: Fly out, F7 (Popup, 6D)
|
Batting: LHB Marcos Pérez
|
0-0: Ball 1-0: Called Strike 1-1: Ball 2-1: Foul Ball, location: 2F 2-2: Ground out 1-3 (Groundball, 13)
|
Top of the 1st over - 0 run(s), 0 hit(s), 0 error(s), 1 left on base; Menlo 0 - Riverside 0 |
BOTTOM OF THE 1ST |
Riverside Red Bulls batting - Pitching for Menlo Maniacs : RHP Steve Standard
|
Pitching: RHP Steve Standard
|
|
Batting: RHB Tom Howe
|
0-0: Called Strike 0-1: Ground out 6-3 (Groundball, 6M)
|
Batting: RHB Pedro Mata
|
0-0: Fly out, F9 (Flyball, 89M)
|
Batting: LHB Paco Rivera
|
0-0: Foul Ball, location: 2F 0-1: Ball 1-1: Ball 2-1: Ball 3-1: Swinging Strike 3-2: Fly out, F7 (Flyball, 78S)
|
Bottom of the 1st over - 0 run(s), 0 hit(s), 0 error(s), 0 left on base; Menlo 0 - Riverside 0 |
TOP OF THE 2ND |
Menlo Maniacs batting - Pitching for Riverside Red Bulls : RHP Roberto Moreno
|
Batting: RHB Jesús Cuevas
|
0-0: Ball 1-0: Ground out 4-3 (Groundball, 4)
|
Batting: LHB Keith Green
|
0-0: Called Strike 0-1: Ball 1-1: Ball 2-1: Foul Ball, location: 2F 2-2: Foul Ball, location: 2F 2-2: Strikes out swinging
|
Batting: RHB Ernest Russell
|
0-0: Swinging Strike 0-1: Called Strike 0-2: Foul Ball, location: 2F 0-2: Ball 1-2: Ball 2-2: Strikes out looking
|
Top of the 2nd over - 0 run(s), 0 hit(s), 0 error(s), 0 left on base; Menlo 0 - Riverside 0 |
BOTTOM OF THE 2ND |
Riverside Red Bulls batting - Pitching for Menlo Maniacs : RHP Steve Standard
|
Batting: RHB Earnest Finnegan
|
0-0: Foul Ball, location: 2F 0-1: Called Strike 0-2: Ball 1-2: Strikes out swinging
|
Batting: LHB Mike Petersen
|
0-0: Foul Ball, location: 2F 0-1: Foul Ball, location: 2F 0-2: Strikes out looking
|
Batting: RHB Fernando Gálvez
|
0-0: Foul Ball, location: 2F 0-1: Fly out, F7 (Line Drive, 7M)
|
Bottom of the 2nd over - 0 run(s), 0 hit(s), 0 error(s), 0 left on base; Menlo 0 - Riverside 0 |
TOP OF THE 3RD |
Menlo Maniacs batting - Pitching for Riverside Red Bulls : RHP Roberto Moreno
|
Batting: RHB Robert Downing
|
0-0: Called Strike 0-1: Ball 1-1: SINGLE (Flyball, 8RS)
|
Batting: RHB Gilberto León
|
0-0: Ball 1-0: Swinging Strike 1-1: Foul Ball, location: 2F 1-2: Ball 2-2: Strikes out swinging
|
Batting: RHB Daryl Floyd
|
0-0: Called Strike 0-1: Ball 1-1: Swinging Strike 1-2: Ball 2-2: Foul Ball, location: 2F 2-2: Ball 3-2: Fly out, F7 (Flyball, 78D)
|
Batting: RHB Steve Sampson
|
0-0: Ball Robert Downing steals 2nd base 1-0: Ball 2-0: Ball 3-0: Base on Balls
|
Batting: LHB Arthur Hall
|
0-0: Ball 1-0: Ball 2-0: Ball 3-0: Base on Balls Robert Downing to third Steve Sampson to second
|
Batting: LHB Marcos Pérez
|
0-0: Ball 1-0: Ball 2-0: Ball 3-0: Base on Balls Robert Downing scores Steve Sampson to third Arthur Hall to second
|
Batting: RHB Jesús Cuevas
|
0-0: SINGLE (Line Drive, 34S) Steve Sampson scores Arthur Hall to third Marcos Pérez to second
|
Batting: LHB Keith Green
|
0-0: Called Strike 0-1: Foul Ball, location: 2F 0-2: Ground out 1-3 (Groundball, 13S)
|
Top of the 3rd over - 2 run(s), 2 hit(s), 0 error(s), 3 left on base; Menlo 2 - Riverside 0 |
BOTTOM OF THE 3RD |
Riverside Red Bulls batting - Pitching for Menlo Maniacs : RHP Steve Standard
|
Batting: RHB Brandon Pope
|
0-0: Ball 1-0: Called Strike 1-1: Foul Ball, location: 2F 1-2: Foul Ball, location: 2F 1-2: Ball 2-2: Ball 3-2: Foul Ball, location: 2F 3-2: Fly out, F9 (Flyball, 89M)
|
Batting: RHB Enrique Flores
|
0-0: SINGLE (Line Drive, 9LM)
|
Batting: SHB Luis Alonso
|
0-0: Called Strike 0-1: Fly out, F7 (Flyball, 7M)
|
Batting: RHB Tom Howe
|
0-0: Foul Ball, location: 2F 0-1: DOUBLE (Groundball, 5L) Enrique Flores to third Runner from 3rd tries for Home, SAFE, no throw or cutoff
|
Batting: RHB Pedro Mata
|
0-0: Ball 1-0: Called Strike 1-1: Ball 2-1: Foul Ball, location: 2F 2-2: Foul Ball, location: 2F 2-2: Strikes out swinging
|
Bottom of the 3rd over - 1 run(s), 2 hit(s), 0 error(s), 1 left on base; Menlo 2 - Riverside 1 |
TOP OF THE 4TH |
Menlo Maniacs batting - Pitching for Riverside Red Bulls : RHP Roberto Moreno
|
Batting: RHB Ernest Russell
|
0-0: Ball 1-0: Foul Ball, location: 2F 1-1: Swinging Strike 1-2: Fly out, F8 (Flyball, 8LD)
|
Batting: RHB Robert Downing
|
0-0: Ball 1-0: Ball 2-0: Foul Ball, location: 2F 2-1: Ball 3-1: Foul Ball, location: 2F 3-2: Ground out 4-3 (Groundball, 4)
|
Batting: RHB Gilberto León
|
0-0: Swinging Strike 0-1: Fly out, F8 (Line Drive, 8LM)
|
Top of the 4th over - 0 run(s), 0 hit(s), 0 error(s), 0 left on base; Menlo 2 - Riverside 1 |
BOTTOM OF THE 4TH |
Riverside Red Bulls batting - Pitching for Menlo Maniacs : RHP Steve Standard
|
Batting: LHB Paco Rivera
|
0-0: DOUBLE (Line Drive, 9LD)
|
Batting: RHB Earnest Finnegan
|
0-0: Ball 1-0: Ground out 5-3 (Groundball, 5)
|
Batting: LHB Mike Petersen
|
0-0: Ball 1-0: Foul Ball, location: 2F 1-1: Foul Ball, location: 2F 1-2: Ball 2-2: Foul Ball, location: 2F 2-2: Fly out, F7 (Flyball, 7M)
|
Batting: RHB Fernando Gálvez
|
0-0: Ball 1-0: SINGLE (Line Drive, 9S) Paco Rivera to third
|
Batting: RHB Brandon Pope
|
0-0: Ball 1-0: Swinging Strike 1-1: SINGLE (Groundball, 6MD) Paco Rivera scores Fernando Gálvez to second Runner from 2nd tries for 3rd, SAFE, no throw or cutoff
|
Batting: RHB Enrique Flores
|
0-0: Fly out, F8 (Line Drive, 8LM)
|
Bottom of the 4th over - 1 run(s), 3 hit(s), 0 error(s), 2 left on base; Menlo 2 - Riverside 2 |
TOP OF THE 5TH |
Menlo Maniacs batting - Pitching for Riverside Red Bulls : RHP Roberto Moreno
|
Pitching: RHP Alberto Gutiérrez
|
|
Batting: RHB Daryl Floyd
|
0-0: Called Strike 0-1: Ball 1-1: Ball 2-1: Swinging Strike 2-2: Foul Ball, location: 2F 2-2: Strikes out swinging
|
Batting: RHB Steve Sampson
|
0-0: Ball 1-0: Called Strike 1-1: Swinging Strike 1-2: Foul Ball, location: 2F 1-2: Strikes out swinging
|
Batting: LHB Arthur Hall
|
0-0: Foul Ball, location: 2F 0-1: Ball 1-1: Swinging Strike 1-2: Ball 2-2: Ground out U3 (Groundball, 3S)
|
Top of the 5th over - 0 run(s), 0 hit(s), 0 error(s), 0 left on base; Menlo 2 - Riverside 2 |
BOTTOM OF THE 5TH |
Riverside Red Bulls batting - Pitching for Menlo Maniacs : RHP Steve Standard
|
Batting: SHB Luis Alonso
|
0-0: Ball 1-0: Foul Ball, location: 2F 1-1: Ball 2-1: Ground out 3-1 (Groundball, 34)
|
Batting: RHB Tom Howe
|
0-0: Fly out, F2 (Popup, 2LF)
|
Batting: RHB Pedro Mata
|
0-0: Called Strike 0-1: Swinging Strike 0-2: Strikes out swinging
|
Bottom of the 5th over - 0 run(s), 0 hit(s), 0 error(s), 0 left on base; Menlo 2 - Riverside 2 |
TOP OF THE 6TH |
Menlo Maniacs batting - Pitching for Riverside Red Bulls : RHP Alberto Gutiérrez
|
Batting: LHB Marcos Pérez
|
0-0: Ground out 6-3 (Groundball, 6M)
|
Batting: RHB Jesús Cuevas
|
0-0: Called Strike 0-1: Ground out 5-3 (Groundball, 5S)
|
Batting: LHB Keith Green
|
0-0: Called Strike 0-1: Ball 1-1: SINGLE (Line Drive, 4MD)
|
Batting: RHB Ernest Russell
|
0-0: Ball 1-0: Ball 2-0: Ball 3-0: Called Strike 3-1: Fly out, F7 (Flyball, 7LM)
|
Top of the 6th over - 0 run(s), 1 hit(s), 0 error(s), 1 left on base; Menlo 2 - Riverside 2 |
BOTTOM OF THE 6TH |
Riverside Red Bulls batting - Pitching for Menlo Maniacs : RHP Steve Standard
|
Batting: LHB Paco Rivera
|
0-0: Ball 1-0: Called Strike 1-1: Ball 2-1: Ball 3-1: Fly out, F9 (Popup, 89S)
|
Batting: RHB Earnest Finnegan
|
0-0: Swinging Strike 0-1: Foul Ball, location: 2F 0-2: Fly out, F7 (Flyball, 78XD)
|
Batting: LHB Mike Petersen
|
0-0: Ball 1-0: Ball 2-0: Called Strike 2-1: Ball 3-1: Base on Balls
|
Batting: RHB Fernando Gálvez
|
0-0: Ball 1-0: Called Strike Mike Petersen is caught stealing 2nd base
|
Bottom of the 6th over - 0 run(s), 0 hit(s), 0 error(s), 0 left on base; Menlo 2 - Riverside 2 |
TOP OF THE 7TH |
Menlo Maniacs batting - Pitching for Riverside Red Bulls : RHP Alberto Gutiérrez
|
Pitching: RHP Omar Camacho
|
|
Pinch Hitting: LHB Jeff Tucker
|
0-0: Ball 1-0: Called Strike 1-1: Ball 2-1: Ball 3-1: Swinging Strike 3-2: Foul Ball, location: 2F 3-2: Base on Balls
|
Batting: RHB Gilberto León
|
0-0: Ball 1-0: SINGLE (Groundball, 56D) Jeff Tucker to second
|
Batting: RHB Daryl Floyd
|
0-0: Called Strike 0-1: Called Strike 0-2: Strikes out looking
|
Batting: RHB Steve Sampson
|
0-0: Ball 1-0: Foul Ball, location: 2F 1-1: Foul Ball, location: 2F 1-2: Strikes out swinging
|
Pitching: LHP Joe Phillips
|
|
Pinch Hitting: RHB Bob Campbell
|
0-0: Called Strike 0-1: Swinging Strike 0-2: Strikes out swinging
|
Top of the 7th over - 0 run(s), 1 hit(s), 0 error(s), 2 left on base; Menlo 2 - Riverside 2 |
BOTTOM OF THE 7TH |
Riverside Red Bulls batting - Pitching for Menlo Maniacs : RHP Steve Standard
|
Now at 2B: Philip Burke
|
|
Now in CF: Bob Campbell
|
|
Batting: RHB Fernando Gálvez
|
0-0: Ball 1-0: Called Strike 1-1: Foul Ball, location: 2F 1-2: Ball 2-2: SINGLE (Line Drive, 7S)
|
Batting: RHB Brandon Pope
|
0-0: Bunted foul 0-1: Sac Bunt - play at first, batter OUT! 5-4 Fernando Gálvez to second
|
Batting: RHB Enrique Flores
|
0-0: Intentional Walk
|
Batting: SHB Luis Alonso
|
0-0: Grounds into double play, 4-6-3 (Groundball, 4)
|
Bottom of the 7th over - 0 run(s), 1 hit(s), 0 error(s), 1 left on base; Menlo 2 - Riverside 2 |
TOP OF THE 8TH |
Menlo Maniacs batting - Pitching for Riverside Red Bulls : LHP Joe Phillips
|
Pitching: LHP Chuck Cox
|
|
Batting: LHB Marcos Pérez
|
0-0: Ball 1-0: Ball 2-0: Called Strike 2-1: Called Strike 2-2: Foul Ball, location: 2F 2-2: SINGLE (Line Drive, 8RS)
|
Batting: RHB Jesús Cuevas
|
0-0: Foul Ball, location: 2F 0-1: Foul Ball, location: 2F 0-2: Grounds into double play, 6-4-3 (Groundball, 6)
|
Pinch Hitting: RHB José Martínez
|
0-0: Ball 1-0: Foul Ball, location: 2F 1-1: Ball 2-1: Ball 3-1: SINGLE (Groundball, 34D)
|
Batting: RHB Ernest Russell
|
0-0: Called Strike 0-1: Ball José Martínez steals 2nd base 1-1: Swinging Strike 1-2: Ball 2-2: SINGLE (Line Drive, 78S) José Martínez to third Runner from 3rd tries for Home, SAFE, no throw or cutoff
|
Batting: RHB Philip Burke
|
0-0: Ball 1-0: Ball 2-0: Ball 3-0: Base on Balls Ernest Russell to second
|
Batting: RHB Gilberto León
|
0-0: Ball 1-0: Foul Ball, location: 2F 1-1: Fly out, F6 (Popup, 6MD)
|
Top of the 8th over - 1 run(s), 3 hit(s), 0 error(s), 2 left on base; Menlo 3 - Riverside 2 |
BOTTOM OF THE 8TH |
Riverside Red Bulls batting - Pitching for Menlo Maniacs : RHP Steve Standard
|
Now in CF: José Martínez
|
|
Batting: RHB Tom Howe
|
0-0: Ball 1-0: Ball 2-0: Called Strike 2-1: Swinging Strike 2-2: Ground out 5-3 (Groundball, 56)
|
Batting: RHB Pedro Mata
|
0-0: Ball 1-0: Called Strike 1-1: Foul Ball, location: 2F 1-2: Ball 2-2: Fly out, F5 (Popup, 15S)
|
Batting: LHB Paco Rivera
|
0-0: Ball 1-0: Swinging Strike 1-1: SINGLE (Groundball, 5D)
|
Pitching: RHP David Bishop
|
|
Batting: RHB Earnest Finnegan
|
0-0: Ball 1-0: Ball 2-0: Called Strike 2-1: Foul Ball, location: 2F 2-2: Foul Ball, location: 2F 2-2: Strikes out swinging
|
Bottom of the 8th over - 0 run(s), 1 hit(s), 0 error(s), 1 left on base; Menlo 3 - Riverside 2 |
TOP OF THE 9TH |
Menlo Maniacs batting - Pitching for Riverside Red Bulls : LHP Chuck Cox
|
Batting: RHB Daryl Floyd
|
0-0: Swinging Strike 0-1: Ball 1-1: Ball 2-1: Foul Ball, location: 2F 2-2: Ball 3-2: SINGLE (Flyball, 9S)
|
Batting: RHB Steve Sampson
|
0-0: Called Strike 0-1: Sac Bunt - play at first, batter OUT! 1-4 Daryl Floyd to second
|
Batting: RHB Bob Campbell
|
0-0: Ball Daryl Floyd steals 3rd base 1-0: Ball 2-0: Called Strike 2-1: SINGLE (Groundball, 6M) Daryl Floyd scores
|
Batting: LHB Marcos Pérez
|
0-0: Called Strike Bob Campbell steals 2nd base 0-1: DOUBLE (Line Drive, 78M) Bob Campbell scores
|
Pitching: RHP Don Kirk
|
|
Batting: RHB Jesús Cuevas
|
0-0: Ball 1-0: Called Strike 1-1: Fly out, F4 (Line Drive, 4)
|
Batting: RHB José Martínez
|
0-0: Ball 1-0: Ball 2-0: Foul Ball, location: 2F 2-1: Ball 3-1: SINGLE (Line Drive, 89S) Marcos Pérez to third Runner from 3rd tries for Home, SAFE, no throw or cutoff
|
Batting: RHB Ernest Russell
|
0-0: Foul Ball, location: 2F 0-1: Ball 1-1: Ball 2-1: Ball 3-1: Base on Balls José Martínez to second
|
Batting: RHB Philip Burke
|
0-0: Called Strike 0-1: Ball Wild Pitch! José Martínez to third Ernest Russell to second 1-1: Ball 2-1: Foul Ball, location: 2F 2-2: Foul Ball, location: 2F 2-2: Foul Ball, location: 2F 2-2: Ball 3-2: Strikes out looking
|
Top of the 9th over - 3 run(s), 4 hit(s), 0 error(s), 2 left on base; Menlo 6 - Riverside 2 |
BOTTOM OF THE 9TH |
Riverside Red Bulls batting - Pitching for Menlo Maniacs : RHP David Bishop
|
Pitching: RHP James Jones
|
|
Batting: LHB Mike Petersen
|
0-0: Called Strike 0-1: Swinging Strike 0-2: Strikes out swinging
|
Batting: RHB Fernando Gálvez
|
0-0: Ball 1-0: Ground out 5-3 (Groundball, 56S)
|
Batting: RHB Brandon Pope
|
0-0: Foul Ball, location: 2F 0-1: Ball 1-1: Foul Ball, location: 2F 1-2: Strikes out swinging
|
Bottom of the 9th over - 0 run(s), 0 hit(s), 0 error(s), 0 left on base; Menlo 6 - Riverside 2 |
|